 Dungeon Crawl Stone Soup version 0.28.0-53-g5a82cb258f (webtiles) character file.

Game seed: 2005810005319901585

25 ILmort the Chopper (level 3, -2/33 HPs)
             Began as a Hill Orc Monk on Aug 20, 2022.
             Slain by Terence
             ... wielding a +0 short sword
              (4 damage)
             ... on level 2 of the Dungeon.
             The game lasted 00:02:13 (810 turns).

ILmort the Chopper (Hill Orc Monk)                   Turns: 810, Time: 00:02:14

Health: -2/33      AC:  3    Str: 15    XL:     3   Next: 6%
Magic:  3/3        EV: 12    Int: 10    God:
Gold:   8          SH:  0    Dex: 13    Spells: 2/2 levels left

rFire   . . .      SeeInvis .   a - +0 hand axe
rCold   . . .      Faith    .   (no shield)
rNeg    . . .      Spirit   .   k - +0 leather armour
rPois   .          Reflect  .   (no helmet)
rElec   .          Harm     .   (no cloak)
rCorr   .          Rampage  .   (no gloves)
Will    .....                   (no boots)
Stlth   ++........              (no amulet)
HPRegen 0.11/turn               (no ring)
MPRegen 0.08/turn               (no ring)

@: no status effects
A: no striking features
a: no special abilities


You were on level 2 of the Dungeon.
You visited 1 branch of the dungeon, and saw 2 of its levels.

You collected 8 gold pieces.

Inventory:

Hand Weapons
 a - a +0 hand axe (weapon)
 g - a +0 spear
 h - a +0 spear
Armour
 b - a +0 robe
 k - a +0 leather armour (worn)
Scrolls
 d - a scroll of summoning {unknown}
 e - a scroll of identify {unknown}
 f - a scroll of magic mapping {unknown}
 i - a scroll of vulnerability {unknown}
 j - a scroll of teleportation {unknown}
Potions
 c - a potion of ambrosia {unknown}


   Skills:
 + Level 4.1 Fighting
 * Level 5.1 Axes
 - Level 2.4 Dodging
 - Level 1.5 Stealth


You had 2 spell levels left.
You didn't know any spells.
Your spell library was empty.

Dungeon Overview and Level Annotations

Branches:
Dungeon (2/15)

Altars:

Shops:
D:1 *

Annotations:
D:2 Terence


Message History

Terence the Incautious comes into view.
He is wielding a +0 short sword.
Found a stone staircase leading down.
A quokka comes into view.
Terence shouts!
Terence says, "Don't bother to defend, it's senseless."
You hit Terence but do no damage. Terence hits you with a +0 short sword.
You hit Terence but do no damage. Terence hits you with a +0 short sword.
You closely miss Terence. Terence says, "How do you enjoy it?"
Terence closely misses you.
You hit Terence. Terence hits you with a +0 short sword.
You hit Terence. Terence hits you with a +0 short sword!
You slash Terence! Terence barely misses you.
You hit Terence but do no damage. Terence closely misses you.
You hit Terence but do no damage. Terence barely misses you.
You hit Terence but do no damage. Terence closely misses you.
You hit Terence but do no damage.
Terence bares his teeth.
Terence hits you with a +0 short sword.
You closely miss Terence. Terence hits you with a +0 short sword.
You hit Terence but do no damage. Terence hits you with a +0 short sword.
You barely miss Terence. Terence misses you.
You hit Terence but do no damage. Terence hits you with a +0 short sword.
You hit Terence. Terence closely misses you.
You closely miss Terence. Terence closely misses you.
You hit Terence. Terence hits you with a +0 short sword.
* * * LOW HITPOINT WARNING * * *
You hit Terence but do no damage.
Terence asks, "Do you want it fast or slow?"
Terence closely misses you.
You hit Terence. Terence closely misses you.
You hit Terence but do no damage. Terence misses you.
Terence hits you with a +0 short sword.
* * * LOW HITPOINT WARNING * * *
You barely miss Terence. Terence hits you with a +0 short sword.
* * * LOW HITPOINT WARNING * * *
You barely miss Terence. Terence hits you with a +0 short sword.
* * * LOW HITPOINT WARNING * * *
You barely miss Terence. Terence hits you with a +0 short sword.
You die...

#.# #.# ####.#
...#.# #
####.#.######.###
##>..!..##...>..r.
.............@.#
#.#.##@# #....#@#
#.....#..#
#...#..#.#.# ##.
#.#.##.# #
#.####.#
.##.#....#
........##
#####....########
#).#.........


You could see Terence.

Vanquished Creatures
  A dart slug (D:1)
  2 ball pythons (D:1)
  4 bats (D:1)
  An endoplasm (D:1)
  3 giant cockroaches (D:1)
  2 goblins
  4 hobgoblins (D:1)
  4 rats (D:1)
21 creatures vanquished.

Notes
Turn   | Place    | Note
-------+----------+-------------------------------------------
     0 | D:1      | ILmort the Hill Orc Monk began the quest for the Orb.
     0 | D:1      | Reached XP level 1. HP: 19/19 MP: 1/1
     3 | D:1      | Noticed an electric eel
     4 | D:1      | Noticed an electric eel
   133 | D:1      | Reached XP level 2. HP: 16/27 MP: 2/2
   279 | D:1      | Found Rugrud's Assorted Antiques.
   557 | D:1      | Found a faded altar of an unknown god.
   566 | D:1      | Reached skill level 5 in Axes
   662 | D:1      | Reached XP level 3. HP: 30/33 MP: 3/3
   775 | D:2      | Noticed Terence
   810 | D:2      | Slain by Terence

Illustrated notes

Levels and vault maps discovered:
D:1:      arrival_aquarium_b, layout_rooms, serial_shops, shop,
          chequers_ecumenical_altar_island
D:2:      layout_loops_ring, uniq_terence

Skill      XL: |  1  2 |
---------------+-------+-----
Fighting       | 4 |  4.1
Axes           | 5 |  5.1
Dodging        | |  2.4
Stealth        | |  1.5

Action                   || total
-------------------------++-------
Melee: Hand axe          ||    89
 Stab: Sleeping          ||     1
Armor: Robe              ||    10
       Leather armour    ||     4
Dodge: Dodged            ||    67
